AoeStats
← Arakami

Black Forest

509324269Analyzed
4v4 RM · 4d ago on Sep 26, 2026· 48m 10s· 8 players
Game mode
Random Map
Map size
Large (8 player)
Population
200
Speed
Normal
Resources
Standard
Victory
Conquest
Starting age
Dark Age
Ending age
Imperial Age
RankedLock teamsTeams togetherTeam positionsShared explorationLock speedFull tech treeHidden civsTurbo modeCheats
Victory
Defeat
🇦🇺 Saxons · Australia
1073
+15
🇨🇳 Danes · China
1059
+16
🇨🇳 Jurchens · China
1056
+16
🇩🇪 Georgians · Germany
954
+19
🇯🇵 Turks · Japan
1094
-18
🇿🇦 Bengalis · South Africa
1067
-17
🇨🇳 Khmer · China
1023
-16
🇨🇳 Danes · China
1017
-15
秦大大
0:29 Loom
15:38 Feudal Age
16:14 Arson
16:35 Man-at-Arms
32:17 Double-Bit Axe
32:15 Horse Collar
35:38 Castle Age
37:08 Bow Saw
39:04 Bow Saw
43:20 Gambesons
43:37 Squires
RomaSaga
12:41 Feudal Age
14:51 Double-Bit Axe
17:08 Castle Age
14:50 Horse Collar
16:42 Loom
18:09 Bow Saw
18:00 Heavy Plow
23:57 Gold Mining
24:08 Fishing Lines
25:05 Gillnets
26:16 Stone Mining
28:05 Gold Shaft Mining
32:11 Imperial Age
29:47 Scale Barding Armor
29:53 Forging
31:06 Wheelbarrow
30:54 Chain Barding Armor
30:37 Town Watch
30:37 Treadmill Crane
32:26 Iron Casting
32:07 Hand Cart
31:53 Padded Archer Armor
31:45 Fletching
31:50 Man-at-Arms
34:01 Plate Barding Armor
33:43 Leather Archer Armor
34:29 Blast Furnace
33:25 Bodkin Arrow
33:53 Bombard Tower
33:54 Ballistics
33:36 Scale Mail Armor
32:59 Long Swordsman
33:52 Squires
34:40 Parthian Tactics
33:45 Two-Handed Swordsman
35:26 Ring Archer Armor
34:58 Town Patrol
35:11 Bracer
34:57 Arson
36:15 Chain Mail Armor
36:41 Thumb Ring
36:13 Champion
38:19 Sipahi
38:20 Conscription
38:44 Heavy Cavalry Archer
41:59 Artillery
42:31 Plate Mail Armor
45:27 Bloodlines
45:17 Husbandry
45:43 Heavy Scorpion
贝贝
0:30 Loom
13:03 Feudal Age
17:39 Castle Age
18:39 Double-Bit Axe
30:30 Gold Mining
31:06 Bow Saw
30:42 Horse Collar
34:51 Imperial Age
34:16 Gold Shaft Mining
36:07 Wheelbarrow
35:17 Town Watch
36:09 Tusk Swords
36:25 Husbandry
36:36 Bloodlines
36:56 Heavy Plow
37:17 Scale Barding Armor
37:14 Padded Archer Armor
38:40 Hand Cart
38:19 Elite Ballista Elephant
39:23 Conscription
39:08 Double Crossbow
40:49 Pikeman
41:45 Forging
41:35 Scale Mail Armor
41:53 Leather Archer Armor
42:01 Chain Barding Armor
41:46 Halberdier
47:43 Iron Casting
47:25 Chain Mail Armor
GreenHydra
5:18 Loom
13:25 Feudal Age
23:13 Castle Age
22:10 Double-Bit Axe
22:07 Horse Collar
22:20 Gold Mining
26:13 Wheelbarrow
27:12 Bow Saw
29:28 Hand Cart
28:59 Town Watch
29:08 Fletching
29:18 Padded Archer Armor
33:57 Imperial Age
31:54 Ballistics
32:43 Gold Shaft Mining
32:49 Leather Archer Armor
32:51 Husbandry
33:32 Bloodlines
33:45 Fortified Wall
35:01 Conscription
35:06 Mahayana
35:07 Bodkin Arrow
37:08 Bracer
37:39 Ring Archer Armor
39:03 Scale Mail Armor
39:14 Forging
40:35 Chain Mail Armor
41:33 Elite Ratha (Ranged)
42:24 Squires
42:09 Arson
43:08 Iron Casting
44:11 Two-Man Saw
Angel of War603
0:27 Loom
15:06 Feudal Age
17:48 Town Watch
23:39 Fletching
24:55 Wheelbarrow
33:49 Double-Bit Axe
38:53 Castle Age
36:50 Horse Collar
37:42 Scale Mail Armor
38:14 Forging
38:02 Gold Mining
40:49 Bow Saw
41:33 Iron Casting
41:48 Clerical Recruitment
43:56 Hand Cart
46:03 Town Patrol
46:17 Arson
46:32 Squires
Arakami
6:40 Loom
13:45 Feudal Age
18:28 Castle Age
16:10 Fishing Lines
16:25 Double-Bit Axe
19:26 Bow Saw
23:32 Gillnets
24:54 Wheelbarrow
24:59 Fervor
24:41 Horse Collar
25:37 Heavy Plow
26:21 Gold Mining
26:26 Stone Mining
28:39 Scale Barding Armor
28:44 Forging
29:32 Stone Shaft Mining
29:31 Hand Cart
30:36 Bloodlines
30:26 Husbandry
33:24 Imperial Age
32:05 Chain Barding Armor
32:20 Iron Casting
32:35 Light Cavalry
33:42 Svan Towers
34:31 Masonry
34:01 Treadmill Crane
34:35 Masonry
34:46 Ballistics
36:17 Chemistry
36:32 Blast Furnace
36:09 Plate Barding Armor
34:58 Cavalier
36:01 Conscription
36:59 Aznauri Cavalry
37:15 Guilds
37:39 Siege Engineers
38:05 Architecture
37:39 Elite Monaspa
38:27 Hussar
38:49 Onager
40:54 Hoardings
41:04 Ballistics
42:11 Caravan
41:38 Siege Onager
47:29 Coinage
48:55 Banking
NickJiang
7:02 Loom
11:41 Feudal Age
12:24 Double-Bit Axe
13:37 Horse Collar
16:04 Castle Age
16:46 Wheelbarrow
18:58 Bow Saw
26:18 Heavy Plow
30:04 Imperial Age
27:40 Padded Archer Armor
27:34 Gold Mining
28:15 Hand Cart
29:24 Gold Shaft Mining
29:17 Siege Engineers
29:32 Ballistics
29:33 Leather Archer Armor
29:28 Town Watch
31:45 Chemistry
30:30 Treadmill Crane
31:25 Ring Archer Armor
31:13 Scale Mail Armor
31:28 Thunderclap Bombs
31:39 Conscription
32:34 Two-Man Saw
32:08 Crop Rotation
32:18 Squires
32:04 Arson
31:39 Elite Fire Lancer
33:56 Chain Mail Armor
34:34 Forging
bluestorm
1:03 Loom
11:22 Feudal Age
12:14 Feudal Age
15:51 Castle Age
13:39 Double-Bit Axe
13:58 Horse Collar
16:02 Wheelbarrow
17:03 Bow Saw
21:26 Heavy Plow
22:54 Hand Cart
23:29 Stone Mining
23:30 Gold Mining
26:18 Gold Shaft Mining
26:18 Stone Shaft Mining
30:39 Imperial Age
27:56 Town Watch
28:22 Pikeman
28:47 Gambesons
29:03 Squires
28:48 Arson
29:06 Scale Mail Armor
29:17 Forging
30:12 Ballistics
32:24 Chemistry
31:50 Conscription
30:53 Onager
31:23 Northmen's Fury
31:24 Elite Jomsviking
31:38 Halberdier
32:54 Chain Mail Armor
33:15 Iron Casting
32:24 Siege Onager
32:59 Hamask
33:19 Capped Ram
34:42 Plate Mail Armor
36:10 Siege Ram
38:56 Blast Furnace
41:14 Hoardings
43:31 Town Patrol
46:09 Siege Engineers
46:15 Masonry
Connection lost

Rejoining the realm…

Still unreachable

The connection could not be restored.

Session expired

The server has moved on; the page needs a fresh start.